PCL
ROUND ROCK EXPRESS @ NASHVILLE SOUNDS
06/11/2099
 
TOP OF THE 1ST
Round Rock Express batting - Pitching for Nashville Sounds : RHP Victor Zaragoza
Pitching: RHP Victor Zaragoza
Batting: RHB Phil Roth 0-0: Called Strike
0-1: Foul Ball, location: 2F
0-2: Foul Ball, location: 2F
0-2: Strikes out swinging
Batting: LHB Jonathan Staib 0-0: Ball
1-0: Called Strike
1-1: Called Strike
1-2: Foul Ball, location: 7LDF
1-2: Strikes out swinging
Batting: LHB Justin Marcus 0-0: Called Strike
0-1: Ball
1-1: Foul Ball, location: 5SF
1-2: Strikes out swinging
Top of the 1st over - 0 runs, 0 hits, 0 errors, 0 left on base; Round Rock 0 - Nashville 0
BOTTOM OF THE 1ST
Nashville Sounds batting - Pitching for Round Rock Express : RHP Luis Zubia
Pitching: RHP Luis Zubia
Batting: LHB Chris West 0-0: Ball
1-0: Ball
2-0: Ball
3-0: Called Strike
3-1: Called Strike
3-2: Foul Ball, location: 9LSF
3-2: Base on Balls
Batting: RHB Mike Gohring 0-0: Called Strike
Chris West steals 2nd base
0-1: Ball
1-1: Ball
2-1: Foul Ball, location: 25FF
2-2: Ball
3-2: Fly out, F7 (Flyball, 7D, EV 89.4 MPH)
Runner from 2nd tags up, SAFE at 3rd with throw by LF
Batting: SHB John Gilley 0-0: Ball
1-0: Foul Ball, location: 9LMF
1-1: Swinging Strike
1-2: Strikes out swinging
Batting: SHB Danny Jaworski 0-0: Ball
1-0: Ball
2-0: Reached on error, E4 (Groundball, 4M, EV 85.0 MPH)
Chris West scores
Batting: LHB Mike Lucas 0-0: Called Strike
0-1: Foul Ball, location: 2F
0-2: Foul Ball, location: 9LMF
0-2: Ball
1-2: Ground out 4-3 (Groundball, 4, EV 107.5 MPH)
Bottom of the 1st over - 1 run, 0 hits, 1 error, 1 left on base; Round Rock 0 - Nashville 1
TOP OF THE 2ND
Round Rock Express batting - Pitching for Nashville Sounds : RHP Victor Zaragoza
Batting: RHB Kevin Phillips 0-0: Foul Ball, location: 23F
0-1: Swinging Strike
0-2: Ball
1-2: Ball
2-2: Foul Ball, location: 3SF
2-2: Foul Ball, location: 2F
2-2: Ball
3-2: Foul Ball, location: 3F
3-2: Base on Balls
Batting: SHB Hugo Rodriguez 0-0: Ball
1-0: Fly out, F7 (Flyball, 7S, EV 85.0 MPH)
Batting: LHB Chris Temple 0-0: Called Strike
0-1: Ball
1-1: Grounds into double play, 4-6-3 (Groundball, 4, EV 86.9 MPH)
Top of the 2nd over - 0 runs, 0 hits, 0 errors, 0 left on base; Round Rock 0 - Nashville 1
BOTTOM OF THE 2ND
Nashville Sounds batting - Pitching for Round Rock Express : RHP Luis Zubia
Batting: RHB Greg Horst 0-0: Called Strike
0-1: Foul Ball, location: 2F
0-2: Strikes out looking
Batting: RHB Malachi Bazile 0-0: Called Strike
0-1: Ball
1-1: Swinging Strike
1-2: Ball
2-2: Fly out, F5 (Line Drive, 5L, EV 67.5 MPH)
Batting: RHB Parker Sanburn Jr. 0-0: Swinging Strike
0-1: Swinging Strike
0-2: Strikes out swinging
Bottom of the 2nd over - 0 runs, 0 hits, 0 errors, 0 left on base; Round Rock 0 - Nashville 1
TOP OF THE 3RD
Round Rock Express batting - Pitching for Nashville Sounds : RHP Victor Zaragoza
Batting: LHB Dallas Zancanella 0-0: Ball
1-0: Ground out 6-3 (Groundball, 6, EV 85.0 MPH)
Batting: LHB Jesus Mena 0-0: Ground out 4-3 (Groundball, 4, EV 109.4 MPH)
Batting: RHB Mike Bogart 0-0: Ball
1-0: SINGLE (Groundball, 4MD, EV 108.8 MPH)
Batting: RHB Phil Roth 0-0: Ball
1-0: Called Strike
1-1: DOUBLE (Line Drive, 9LM, EV 101.3 MPH)
Mike Bogart to third
Batting: LHB Jonathan Staib 0-0: Ball
1-0: Ball
2-0: Called Strike
2-1: DOUBLE (Line Drive, 7LS, EV 91.9 MPH)
Mike Bogart scores
Phil Roth scores
Batting: LHB Justin Marcus 0-0: Called Strike
0-1: Ball
1-1: Swinging Strike
1-2: Strikes out swinging
Top of the 3rd over - 2 runs, 3 hits, 0 errors, 1 left on base; Round Rock 2 - Nashville 1
BOTTOM OF THE 3RD
Nashville Sounds batting - Pitching for Round Rock Express : RHP Luis Zubia
Batting: RHB Chris Bell 0-0: Ball
1-0: Called Strike
1-1: Foul Ball, location: 2F
1-2: Fly out, F4 (Popup, 34D, EV 59.4 MPH)
Batting: LHB Chris West 0-0: Called Strike
0-1: SINGLE (Line Drive, 78S, EV 110.6 MPH)
Batting: RHB Mike Gohring 0-0: Foul Ball, location: 9LSF
0-1: Ball
1-1: Ball
Chris West steals 2nd base
2-1: Ball
3-1: Ground out 6-3 (Groundball, 6, EV 67.5 MPH)
Batting: SHB John Gilley 0-0: Called Strike
0-1: Ball
1-1: Foul Ball, location: 2F
1-2: Strikes out looking
Bottom of the 3rd over - 0 runs, 1 hit, 0 errors, 1 left on base; Round Rock 2 - Nashville 1
TOP OF THE 4TH
Round Rock Express batting - Pitching for Nashville Sounds : RHP Victor Zaragoza
Batting: RHB Kevin Phillips 0-0: Ball
1-0: Called Strike
1-1: Foul Ball, location: 9LDF
1-2: Fly out, F8 (Flyball, 8RD, EV 100.6 MPH)
Batting: SHB Hugo Rodriguez 0-0: Foul Ball, location: 3FF
0-1: Ball
1-1: Called Strike
1-2: Ball
2-2: Ball
3-2: Fly out, F8 (Flyball, 8LD, EV 106.9 MPH)
Batting: LHB Chris Temple 0-0: Ground out U3 (Groundball, 3, EV 88.8 MPH)
Top of the 4th over - 0 runs, 0 hits, 0 errors, 0 left on base; Round Rock 2 - Nashville 1
BOTTOM OF THE 4TH
Nashville Sounds batting - Pitching for Round Rock Express : RHP Luis Zubia
Batting: SHB Danny Jaworski 0-0: Called Strike
0-1: Hit by Pitch
Batting: LHB Mike Lucas 0-0: Ball
1-0: Called Strike
1-1: Ball
2-1: Ball
3-1: Foul Ball, location: 2F
3-2: Foul Ball, location: 2F
3-2: Strikes out swinging
Batting: RHB Greg Horst 0-0: Bunted foul
0-1: Ground out 5-3 (Groundball, 56S, EV 80.0 MPH)
Danny Jaworski to second
Batting: RHB Malachi Bazile 0-0: Swinging Strike
0-1: Called Strike
0-2: Ball
1-2: Strikes out swinging
Bottom of the 4th over - 0 runs, 0 hits, 0 errors, 1 left on base; Round Rock 2 - Nashville 1
TOP OF THE 5TH
Round Rock Express batting - Pitching for Nashville Sounds : RHP Victor Zaragoza
Batting: LHB Dallas Zancanella 0-0: Called Strike
0-1: Ball
1-1: Ball
2-1: Foul Ball, location: 2F
2-2: Foul Ball, location: 2F
2-2: Foul Ball, location: 9LSF
2-2: Foul Ball, location: 2F
2-2: Ball
3-2: Strikes out swinging
Batting: LHB Jesus Mena 0-0: Ball
1-0: Foul Ball, location: 5FF
1-1: Ball
2-1: Ball
3-1: Foul Ball, location: 2F
3-2: Base on Balls
Batting: RHB Mike Bogart 0-0: Ball
1-0: Called Strike
1-1: Called Strike
Jesus Mena is caught stealing 2nd base 2-4
1-2: Ground out 5-3 (Groundball, 56S, EV 80.0 MPH)
Top of the 5th over - 0 runs, 0 hits, 0 errors, 0 left on base; Round Rock 2 - Nashville 1
BOTTOM OF THE 5TH
Nashville Sounds batting - Pitching for Round Rock Express : RHP Luis Zubia
Batting: RHB Parker Sanburn Jr. 0-0: Ball
1-0: Ball
2-0: Foul Ball, location: 3SF
2-1: Ball
3-1: Ground out 3-1 (Groundball, 34S, EV 80.0 MPH)
Batting: RHB Chris Bell 0-0: Called Strike
0-1: Ball
1-1: Foul Ball, location: 3F
1-2: SINGLE (Groundball, 3D, EV 98.1 MPH)
Batting: LHB Chris West 0-0: Fly out, F7 (Line Drive, 78S, EV 105.0 MPH)
Lined into DP, 7-3 (Line Drive, 78S, EV 105.0 MPH)
Bottom of the 5th over - 0 runs, 1 hit, 0 errors, 0 left on base; Round Rock 2 - Nashville 1
TOP OF THE 6TH
Round Rock Express batting - Pitching for Nashville Sounds : RHP Victor Zaragoza
Batting: RHB Phil Roth 0-0: Ball
1-0: Called Strike
1-1: Ball
2-1: Ball
3-1: Fly out, F3 (Popup, 3F, EV 75.6 MPH)
Batting: LHB Jonathan Staib 0-0: Foul Ball, location: 2F
0-1: Foul Ball, location: 2F
0-2: Ball
1-2: SINGLE (Groundball, 4S, EV 62.5 MPH) (infield hit)
Batting: LHB Justin Marcus 0-0: Ball
1-0: Foul Ball, location: 3SF
1-1: SINGLE (Groundball, 3S, EV 67.5 MPH) (infield hit)
Jonathan Staib to second
Batting: RHB Kevin Phillips 0-0: Ball
1-0: Called Strike
1-1: SINGLE (Groundball, 6MD, EV 95.0 MPH)
Jonathan Staib to third
Justin Marcus to second
Runner from 3rd tries for Home, SAFE, throw by CF to home
Batting: SHB Hugo Rodriguez 0-0: Called Strike
0-1: Ball
1-1: Fielders Choice at 2nd, 3-6 (Groundball, 3, EV 95.0 MPH)
Justin Marcus to third
Batting: LHB Chris Temple 0-0: Ball
1-0: DOUBLE (Line Drive, 78XD, EV 103.8 MPH)
Justin Marcus scores
Hugo Rodriguez to third
Batting: LHB Dallas Zancanella 0-0: Called Strike
0-1: Ball
1-1: Called Strike
1-2: Strikes out swinging
Top of the 6th over - 2 runs, 4 hits, 0 errors, 2 left on base; Round Rock 4 - Nashville 1
BOTTOM OF THE 6TH
Nashville Sounds batting - Pitching for Round Rock Express : RHP Luis Zubia
Batting: RHB Mike Gohring 0-0: Foul Ball, location: 7LMF
0-1: Foul Ball, location: 3F
0-2: Strikes out swinging
Batting: SHB John Gilley 0-0: Ball
1-0: Swinging Strike
1-1: Swinging Strike
1-2: Ball
2-2: Foul Ball, location: 2F
2-2: Strikes out swinging
Batting: SHB Danny Jaworski 0-0: Called Strike
0-1: Foul Ball, location: 2F
0-2: Strikes out swinging
Bottom of the 6th over - 0 runs, 0 hits, 0 errors, 0 left on base; Round Rock 4 - Nashville 1
TOP OF THE 7TH
Round Rock Express batting - Pitching for Nashville Sounds : RHP Victor Zaragoza
Batting: LHB Jesus Mena 0-0: Called Strike
0-1: Ball
1-1: Swinging Strike
1-2: Ball
2-2: Ball
3-2: Fly out, F9 (Flyball, 9LSF, EV 88.1 MPH)
Batting: RHB Mike Bogart 0-0: Foul Ball, location: 2F
0-1: Ball
1-1: Foul Ball, location: 9LMF
1-2: Ball
2-2: Foul Ball, location: 23F
2-2: Strikes out swinging
Batting: RHB Phil Roth 0-0: Ball
1-0: Called Strike
1-1: Fly out, F3 (Popup, 34, EV 83.1 MPH)
Top of the 7th over - 0 runs, 0 hits, 0 errors, 0 left on base; Round Rock 4 - Nashville 1
BOTTOM OF THE 7TH
Nashville Sounds batting - Pitching for Round Rock Express : RHP Luis Zubia
Batting: LHB Mike Lucas 0-0: Called Strike
0-1: Ball
1-1: Foul Ball, location: 7LMF
1-2: Strikes out swinging
Batting: RHB Greg Horst 0-0: Called Strike
0-1: Foul Ball, location: 2F
0-2: Ball
1-2: Foul Ball, location: 5DF
1-2: Foul Ball, location: 5FF
1-2: Ball
2-2: Ball
3-2: Foul Ball, location: 2F
3-2: DOUBLE (Flyball, 8RXD, EV 108.1 MPH)
Batting: RHB Malachi Bazile 0-0: Ground out 6-3 (Groundball, 56, EV 106.3 MPH)
Batting: RHB Parker Sanburn Jr. 0-0: Ball
1-0: Ball
2-0: Called Strike
2-1: Swinging Strike
2-2: Strikes out swinging
Bottom of the 7th over - 0 runs, 1 hit, 0 errors, 1 left on base; Round Rock 4 - Nashville 1
TOP OF THE 8TH
Round Rock Express batting - Pitching for Nashville Sounds : RHP Victor Zaragoza
Pitching: RHP Kyle Romero
Batting: LHB Jonathan Staib 0-0: Ground out 3-1 (Groundball, 13, EV 90.6 MPH)
Batting: LHB Justin Marcus 0-0: Ball
1-0: SINGLE (Line Drive, 89S, EV 96.3 MPH)
Batting: RHB Kevin Phillips 0-0: Ball
1-0: Called Strike
1-1: Called Strike
1-2: Fly out, F8 (Flyball, 8LS, EV 85.0 MPH)
Batting: SHB Hugo Rodriguez 0-0: Called Strike
0-1: Swinging Strike
0-2: Ball
1-2: Ball
2-2: Foul Ball, location: 5SF
2-2: Foul Ball, location: 9LMF
2-2: Ball
3-2: Ground out 4-3 (Groundball, 4MD, EV 100.0 MPH)
Top of the 8th over - 0 runs, 1 hit, 0 errors, 1 left on base; Round Rock 4 - Nashville 1
BOTTOM OF THE 8TH
Nashville Sounds batting - Pitching for Round Rock Express : RHP Luis Zubia
Pitching: RHP Alex de la Rosa
Batting: RHB Chris Bell 0-0: Ball
1-0: Called Strike
1-1: Called Strike
1-2: Strikes out looking
Batting: LHB Chris West 0-0: Ball
1-0: Ball
2-0: Called Strike
2-1: Swinging Strike
2-2: Ball
3-2: Base on Balls
Batting: RHB Mike Gohring 0-0: Ball
1-0: Foul Ball, location: 2F
1-1: Ball
2-1: Foul Ball, location: 25F
2-2: Ball
3-2: Foul Ball, location: 2LF
3-2: Strikes out swinging
Batting: SHB John Gilley 0-0: Ball
1-0: Ball
2-0: Foul Ball, location: 2F
2-1: Foul Ball, location: 7LMF
2-2: Strikes out swinging
Bottom of the 8th over - 0 runs, 0 hits, 0 errors, 1 left on base; Round Rock 4 - Nashville 1
TOP OF THE 9TH
Round Rock Express batting - Pitching for Nashville Sounds : RHP Kyle Romero
Batting: LHB Chris Temple 0-0: Called Strike
0-1: Swinging Strike
0-2: Ball
1-2: Strikes out looking
Batting: LHB Dallas Zancanella 0-0: Called Strike
0-1: Ball
1-1: Swinging Strike
1-2: Strikes out swinging
Batting: LHB Jesus Mena 0-0: Ball
1-0: Called Strike
1-1: Ball
2-1: Ground out 4-3 (Groundball, 4, EV 101.9 MPH)
Top of the 9th over - 0 runs, 0 hits, 0 errors, 0 left on base; Round Rock 4 - Nashville 1
BOTTOM OF THE 9TH
Nashville Sounds batting - Pitching for Round Rock Express : RHP Alex de la Rosa
Pitching: RHP Erik Rizzo
Batting: SHB Danny Jaworski 0-0: Called Strike
0-1: Foul Ball, location: 25F
0-2: Foul Ball, location: 7LDF
0-2: Strikes out swinging
Batting: LHB Mike Lucas 0-0: Called Strike
0-1: Hit by Pitch
Batting: RHB Greg Horst 0-0: Swinging Strike
0-1: Foul Ball, location: 2F
0-2: SINGLE (Groundball, 56, EV 103.8 MPH) (infield hit)
Mike Lucas to second
Pinch Hitting: LHB Clay Sellers 0-0: Called Strike
0-1: Foul Ball, location: 7LDF
0-2: Foul Ball, location: 2F
0-2: Foul Ball, location: 2F
0-2: Foul Ball, location: 2F
0-2: Ball
1-2: Foul Ball, location: 2F
1-2: Ball
Passed Ball!
Mike Lucas to third
Greg Horst to second
2-2: Fly out, F8 (Flyball, 89M, EV 88.8 MPH)
Pinch Hitting: LHB Billy Stengel 0-0: Called Strike
0-1: Ball
1-1: Ball
2-1: Ball
3-1: Fly out, F7 (Line Drive, 78M, EV 95.0 MPH)
Bottom of the 9th over - 0 runs, 1 hit, 0 errors, 2 left on base; Round Rock 4 - Nashville 1
Wednesday, May 8th , 2024 - OOTP Baseball 24.11 Build 85